 Dungeon Crawl Stone Soup version 0.30.1-11-g7821555f0a (webtiles) character file.

Game seed: 4548822031877356792

276548 Lutefisk the Severer (level 20, -1/187 HPs)
             Began as a Hill Orc Cinder Acolyte on Oct 29, 2023.
             Was a High Priest of Ignis.
             Shot with a bolt by a yaktaur (27 damage)
             ... on level 3 of the Vaults.
             The game lasted 03:34:44 (20730 turns).

Lutefisk the Severer (Hill Orc Cinder Acolyte)     Turns: 20730, Time: 03:34:45

Health: -1/187     AC: 26    Str: 25    XL:     20   Next: 37%
Magic:  23/23      EV: 27    Int: 19    God:    Ignis [*****.]
Gold:   882        SH:  0    Dex: 14    Spells: 18/23 levels left

rFire   + + .        c - +11 battleaxe of Gozag's Benevolence {venom, rPois rN+ Dex+4 SInv}
rCold   + + .        (shield currently unavailable)
rNeg    + + .        k - +0 ice dragon scales
rPois   +            y - +1 hat "Xeoblaast" {+Blink Regen+ rCorr}
rElec   .            G - +2 cloak
rCorr   +            N - +2 pair of gloves
SInv    +            r - +1 pair of boots of Amorality {rF+ Str+3}
Will    ++...        X - macabre finger necklace {Finger+ rN+}
Stlth   ++           J - ring of Moral Flaws {rF+ EV+5 Int+5}
HPRegen 1.31/turn    S - +5 ring of evasion
MPRegen 0.18/turn    A - ring of the Garden {Wiz Will+ rCorr}

%: wizardry (x1)
@: no status effects
A: no striking features
}: 2/15 runes: decaying, gossamer
a: Renounce Religion, Evoke Blink, Fiery Armour, Foxfire Swarm, Rising Flame


You were on level 3 of the Vaults.
You worshipped Ignis.
Ignis was extremely pleased with you.
You visited 7 branches of the dungeon, and saw 36 of its levels.
You visited the Abyss 1 time.
You visited 1 bazaar.
You also visited: Sewer, Gauntlet and Ice Cave.

You collected 4415 gold pieces.
You spent 3533 gold pieces at shops.

Inventory:

Hand Weapons
 c - the +11 battleaxe of Gozag's Benevolence (weapon) {venom, rPois rN+ Dex+4 SInv}
   (You took it off a minotaur in a Gauntlet)

   Dex:       It affects your dexterity (+4).
   rPois:     It protects you from poison.
   rN:        It protects you from negative energy.
   SInv:      It lets you see invisible.
 v - a +1 broad axe of freezing
Missiles
 w - a throwing net
 C - 5 curare-tipped darts (quivered)
Armour
 d - a +1 cloak of poison resistance
 k - +0 ice dragon scales (worn)
 r - the +1 pair of boots of Amorality (worn) {rF+ Str+3}
   (You found it on level 4 of the Spider Nest)

   Str:       It affects your strength (+3).
   rF:        It protects you from fire.
 y - the +1 hat "Xeoblaast" (worn) {+Blink Regen+ rCorr}
   (You found it on level 3 of the Elven Halls)

   +Blink:    It lets you blink.
   Regen:     It increases your rate of health regeneration.
   rCorr:     It protects you from acid and corrosion.
 G - a +2 cloak (worn)
 N - a +2 pair of gloves (worn)
Magical Staves
 V - a staff of air
Jewellery
 o - the ring of the Good {AC+4 Str+2 Dex+2 Stlth+}
   (You found it in a Gauntlet)

   [ring of protection]

   AC:        It affects your AC (+4).
   Str:       It affects your strength (+2).
   Dex:       It affects your dexterity (+2).
   Stlth:     It makes you more stealthy.
 A - the ring of the Garden (on amulet) {Wiz Will+ rCorr}
   (You took it off a deep elf sorcerer on level 3 of the Elven Halls)

   [ring of wizardry]

   It improves your spell success rate.
   rCorr:     It protects you from acid and corrosion.
   Will:      It increases your willpower.
 J - the ring of Moral Flaws (left hand) {rF+ EV+5 Int+5}
   (You bought it in a shop on level 2 of the Orcish Mines)

   [ring of evasion]

   EV:        It affects your evasion (+5).
   Int:       It affects your intelligence (+5).
   rF:        It protects you from fire.
 L - a ring of flight
 R - the ring of Sienoir {rElec rC++ AC+4 Int-5 SInv}
   (You took it off a deep elf sorcerer on level 3 of the Elven Halls)

   [ring of protection]

   AC:        It affects your AC (+4).
   Int:       It affects your intelligence (-5).
   rC:        It greatly protects you from cold.
   rElec:     It insulates you from electricity.
   SInv:      It lets you see invisible.
 S - a +5 ring of evasion (right hand)
 X - the macabre finger necklace (around neck) {Finger+ rN+}
   (You bought it in a shop in a bazaar)

   [amulet of nothing]

   Finger+:   It enables you to equip an extra ring.
   rN:        It protects you from negative energy.
Wands
 i - a wand of polymorph (19)
 E - a wand of roots (39)
 K - a wand of paralysis (18)
 T - a wand of digging (9)
 Z - a wand of quicksilver (33)
Scrolls
 l - 8 scrolls of teleportation
 n - 6 scrolls of fear
 q - 4 scrolls of immolation
 t - 6 scrolls of vulnerability
 B - 8 scrolls of enchant armour
 D - 6 scrolls of enchant weapon
 H - a scroll of silence
 I - 2 scrolls of blinking
 M - 8 scrolls of fog
 O - 4 scrolls of magic mapping
Potions
 b - 17 potions of curing
 e - 8 potions of mutation
 f - 3 potions of might
 g - 3 potions of haste
 h - a potion of cancellation
 j - 6 potions of attraction
 m - 4 potions of lignification
 p - 4 potions of ambrosia
 s - 4 potions of invisibility
 u - 10 potions of heal wounds
 z - 7 potions of flight
 F - 2 potions of magic
 P - 2 potions of resistance
 Q - 7 potions of brilliance
Miscellaneous
 a - a phantom mirror
 x - a tin of tremorstones (2/2)
 Y - a box of beasts


   Skills:
 - Level 18.0 Fighting
 * Level 19.0 Axes
 - Level 1.0 Throwing
 - Level 16.0 Armour
 - Level 16.0 Dodging
 - Level 8.0 Stealth
 - Level 11.0 Shields
 - Level 2.0 Spellcasting
 - Level 1.0 Transmutations
 - Level 10.0 Fire Magic
 - Level 2.0 Poison Magic
 - Level 6.0 Evocations


You had 18 spell levels left.
You knew the following spells:

 Your Spells              Type           Power      Damage    Failure   Level
a - Scorch                Fire           78%        2d8       1%          2
b - Ignite Poison         Fire/Tmut/Pois 18%        N/A       8%          3

Your spell library contained the following spells:

 Spells                   Type           Power      Damage    Failure   Level
 Foxfire                  Conj/Fire      80%        2x1d8     1%          1
 Beastly Appendage        Tmut           10%        N/A       9%          1
 Poisonous Vapours        Pois/Air       10%        N/A       14%         2
 Wereblood                Tmut           5%         N/A       14%         2
 Cigotuvi's Dreadful Rot  Necr/Pois/Air  8%         N/A       16%         2
 Flame Wave               Conj/Fire      20%        2d7       17%         4
 Sticky Flame             Conj/Fire      20%        2d4       17%         4
 Lesser Beckoning         Tloc           2%         N/A       21%         2
 Static Discharge         Conj/Air       2%         2-3/arc   21%         2
 Spider Form              Tmut/Pois      7%         N/A       22%         3
 Call Canine Familiar     Summ           1%         N/A       38%         3
 Dazzling Flash           Conj/Hex       2%         N/A       38%         3
 Frozen Ramparts          Ice            2%         1d1       38%         3
 Gell's Gravitas          Tloc           1%         N/A       38%         3
 Hailstorm                Conj/Ice       1%         3d3       38%         3
 Portal Projectile        Hex/Tloc       2%         N/A       38%         3
 Teleport Other           Tloc           1%         N/A       38%         3
 Vhi's Electric Charge    Tloc/Air       2%         N/A       38%         3
 Ice Form                 Ice/Tmut       3%         N/A       69%         4
 Petrify                  Tmut/Erth      3%         N/A       69%         4
 Airstrike                Air            0%         2d(1-17)  77%         4
 Animate Armour           Summ/Erth      2%         N/A       77%         4
 Dispel Undead            Necr           1%         3d6       77%         4
 Leda's Liquefaction      Hex/Erth       0%         N/A       77%         4
 Summon Ice Beast         Ice/Summ       1%         N/A       77%         4
 Summon Lightning Spire   Summ/Air       1%         N/A       77%         4
 Plasma Beam              Fire/Air       10%        2x1d23    92%         6
 Agony                    Necr           1%         N/A       97%         5
 Arcjolt                  Conj/Air       0%         1d10      97%         5
 Freezing Cloud           Conj/Ice/Air   0%         6-21      97%         5
 Metabolic Englaciation   Hex/Ice        0%         N/A       97%         5
 Silence                  Hex/Air        0%         N/A       97%         5
 Simulacrum               Ice/Necr       0%         N/A       100%        6
 Statue Form              Tmut/Erth      2%         N/A       100%        6
 Summon Cactus Giant      Summ           0%         N/A       100%        6
 Haunt                    Necr/Summ      0%         N/A       100%        7
 Storm Form               Tmut/Air       1%         N/A       100%        7
 Maxwell's Capacitive Co  Air            0%         ∞         100%        8


Dungeon Overview and Level Annotations

Branches:
Dungeon (15/15)            Temple (0/1) D:7            Lair (5/5) D:9
  Swamp (4/4) Lair:2       Spider (4/4) Lair:2        Slime (0/5) Lair:5
    Orc (2/2) D:12            Elf (3/3) Orc:2        Vaults (3/5) D:13
 Depths (0/4) D:15          Sewer (visited)           IceCv (visited)
Gauntlet (visited)
  Crypt: Vaults:2-3

Altars:
Dithmenos
Okawaru
Sif Muna
Beogh

Shops:
D:1 *!   D:14 [=*   Orc:2 =:*   Elf:1 ?*(

Portals:
Trove: D:12 (give 5 potions of resistance)

Annotations:
D:8 Amaemon
Vaults:1 Saint Roka
Vaults:3 3 runed translucent doors, Esekla's ghost, adept DEWn; Mara


Message History

A lindwurm comes into view.
A lindwurm comes into view.
There is an open door here.
Things that are here:
a +0 flail of protection; a +0 morningstar The lindwurm completely misses you.
The lindwurm claws you but does no damage.
The lindwurm barely misses you.
You see here a +4 great mace of draining.
You completely miss the lindwurm. The lindwurm misses you.
The lindwurm completely misses you. The lindwurm misses you.
You cut the lindwurm into ribbons!!!
The lindwurm is almost dead.
You slice the lindwurm!!
You kill the lindwurm!
You slice the lindwurm!!
The lindwurm is heavily wounded.
The lindwurm completely misses you. The lindwurm claws you.
* * * LOW HITPOINT WARNING * * *
The lindwurm completely misses you.
You slice the lindwurm!!
You kill the lindwurm!
Your Axes skill increases to level 19!
You cut the lindwurm into ribbons!!!
The lindwurm looks as sick as possible!
The lindwurm is almost dead.
You slice the lindwurm!!
You kill the lindwurm!
Items here: )) [ ††††.
A stone giant comes into view.
The stone giant shouts!
There is an open door here.
The stone giant throws a large rock.
The large rock hits you!!
* * * LOW HITPOINT WARNING * * *
The stone giant throws a large rock.
The large rock hits you!!
* * * LOW HITPOINT WARNING * * *
Found 18 gold pieces.
A yaktaur comes into view.
The yaktaur wields a +0 arbalest.
The yaktaur shoots a bolt.
The bolt hits you!!
You die...

.........C..........#
....................####
........................
........................
################..#####
#..# #..# #..# #@.# #.$#
#..# #c.# '..# #..# #..#
#..+


You could see a yaktaur.

Vanquished Creatures
  the Lernaean hydra (Swamp:4)
  2 deep elf master archers (Elf:3)
  A deep elf blademaster (Elf:3)
  A tengu reaver (Vaults:2)
  3 tentacled starspawn (Abyss:3)
  A sphinx (Vaults:2)
  5 emperor scorpions
  A vault warden (Vaults:2)
  6 deep elf sorcerers (Elf:3)
  2 frost giants (IceCv)
  4 deep elf elementalists (Elf:3)
  4 ghost moths
  4 ironbound preservers (Vaults:2)
  3 war gargoyles (Vaults:3)
  2 ironbound thunderhulks (Vaults:2)
  6 deep elf annihilators
  An eleionoma (Swamp:1)
  A dire elephant (Vaults:2)
  4 deep elf demonologists (Elf:3)
  5 bunyips
  A spark wasp (Spider:4)
  A white draconian (IceCv)
  The ghost of foxicus the Severer, a journeyman HOFi of Yredelemnul (Orc:2)
  A merfolk javelineer (Orc:2)
  2 shambling mangroves
  2 great orbs of eyes
  2 yaktaur captains (Vaults:2)
  6 deep elf death magi (Elf:3)
  4 deep elf high priests (Elf:3)
  A peacekeeper (Vaults:3)
  A rakshasa (Abyss:3)
  16 hydras
  6 ice dragons (IceCv)
  2 catoblepae
  7 vault guards
  3 radroaches
  2 ghost crabs
  6 centaur warriors
  6 ironbound frosthearts (IceCv)
  A two-headed ogre (D:13)
  9 alligators
  12 dancing weapons
  8 death yaks
  7 boulder beetles
  4 tengu warriors
  An orc high priest (Orc:2)
  13 deep elf knights
  5 spriggans
  3 skysharks
  Lodul (D:10)
  9 pharaoh ants
  A glowing orange brain (Vaults:2)
  5 orb spiders
  4 deep trolls (Vaults:2)
  2 goliath frogs
  5 lindwurms
  A wizard (Vaults:1)
  4 bog bodies
  10 deep elf archers
  3 ironbound convokers (Vaults:2)
  9 swamp dragons
  2 orc knights
  2 spriggan druids
  5 steelbarb worms
  An orange crystal statue (IceCv)
  A necromancer (D:9)
  20 deep elf pyromancers
  16 deep elf zephyrmancers
  22 wolf spiders
  2 starcursed masses (Abyss:3)
  14 ugly things
  A manticore (D:13)
  3 moths of wrath
  2 cyclopes
  A vault sentinel (Vaults:3)
  8 orc sorcerers
  An elephant (Lair:2)
  5 black mambas
  A molten gargoyle (Gauntlet)
  6 torpor snails
  Joseph (D:8)
  2 gargoyles
  7 cane toads
  13 demonic crawlers
  An unseen horror (shapeshifter) (D:13)
  An unseen horror (D:12)
  A hellion (Abyss:3)
  Psyche (D:12)
  2 kobold demonologists (D:12)
  9 rime drakes (IceCv)
  8 komodo dragons
  2 freezing wraiths
  An efreet (D:13)
  4 yaktaurs (D:15)
  2 trolls
  An ancient zyme (Abyss:3)
  4 tyrant leeches
  10 polar bears
  15 tarantellas
  13 hornets
  A polar bear (shapeshifter) (Elf:3)
  3 meliai
  9 blink frogs
  A raiju (Gauntlet)
  5 dream sheep (Lair:5)
  A large abomination (Abyss:3)
  2 shadows
  A jumping spider (shapeshifter) (Vaults:2)
  A vampire (D:9)
  16 jumping spiders
  8 slime creatures
  10 culicivoras
  3 water elementals
  5 wyverns
  42 yaks
  A wraith (D:13)
  2 humans (Elf:2)
  14 vampire mosquitoes
  2 steam dragons
  3 fire elementals
  5 basilisks
  26 redbacks
  A warg (Orc:1)
  7 swamp worms
  2 acid dragons
  17 water moccasins
  20 orc warriors
  3 black bears
  10 swamp drakes
  A sky beast (D:8)
  13 ogres
  22 wolves
  8 centaurs
  5 kobold brigands
  10 bullfrogs
  5 earth elementals
  4 scorpions
  2 gnoll sergeants
  3 wights (D:7)
  13 killer bees
  3 howler monkeys
  3 electric eels
  3 hounds
  5 jellies
  2 gnoll boudas
  20 orc priests
  A sleepcap (D:7)
  Natasha (twice) (D:2)
  2 iguanas
  29 orc wizards
  4 polar bear simulacra (D:9)
  2 yak simulacra (D:9)
  A wolf simulacrum (D:9)
  Robin (D:3)
  17 gnolls
  5 adders
  A white imp (D:7)
  An ufetubus (D:5)
  4 worms
  3 dart slugs
  60 orcs
  7 bats
  14 endoplasms
  13 giant cockroaches
  13 goblins
  8 hobgoblins
  12 jackals
  7 quokkas
  10 ball pythons
  12 frilled lizards
  28 kobolds
  4 rats
  4 river rat simulacra (D:9)
  A spectral weapon (Swamp:4)
  3 starspawn tentacles (Abyss:3)
1067 creatures vanquished.

Vanquished Creatures (collateral kills)
  A minotaur (Gauntlet)
  Urug (D:12)
  4 slime creatures (D:12)
6 creatures vanquished.

Vanquished Creatures (others)
  A hydra (Swamp:4)
  An alligator (Swamp:2)
  A deep elf knight (Elf:2)
  A deep elf zephyrmancer (Elf:2)
  A molten gargoyle (Gauntlet)
  A hornet (Swamp:3)
  2 bloated husks
  A spriggan (Swamp:4)
  A vampire mosquito (Swamp:3)
  A redback (Spider:1)
  An orc wizard (Orc:2)
  4 starspawn tentacles (Abyss:3)
16 creatures vanquished.

Grand Total: 1089 creatures vanquished

Notes
Turn   | Place    | Note
-------+----------+-------------------------------------------
     0 | D:1      | Lutefisk the Hill Orc Cinder Acolyte began the quest for
                  | the Orb.
     0 | D:1      | Reached XP level 1. HP: 19/19 MP: 2/2
    39 | D:1      | Reached XP level 2. HP: 18/27 MP: 3/3
   101 | D:1      | Found Fenkos's General Store.
   105 | D:1      | Bought a scroll of identify for 22 gold pieces
   266 | D:2      | Reached XP level 3. HP: 30/34 MP: 4/4
   269 | D:2      | Learned a level 2 spell: Scorch
   306 | D:1      | Found a faded altar of an unknown god.
   354 | D:1      | Found Enwe's Distillery.
   382 | D:1      | Reached skill level 5 in Axes
   533 | D:2      | Noticed Natasha
   889 | D:2      | Killed Natasha
   890 | D:2      | Reached skill level 5 in Fighting
   890 | D:2      | Reached XP level 4. HP: 42/42 MP: 2/5
  1002 | D:2      | Noticed Natasha
  1008 | D:2      | Killed Natasha
  1119 | D:3      | Found a shadowy altar of Dithmenos.
  1253 | D:3      | Found a glowing drain.
  1256 | D:3      | Reached XP level 5. HP: 48/48 MP: 3/6
  1268 | Sewer    | Entered a sewer
  1449 | Sewer    | Reached skill level 5 in Fire Magic
  1529 | Sewer    | Reached skill level 1 in Armour
  1531 | Sewer    | Reached XP level 6. HP: 47/56 MP: 2/7
  1570 | Sewer    | Got the Lectures on the Familiar Cumulonimbus
  1586 | D:3      | Noticed Robin
  1596 | D:4      | Reached skill level 1 in Dodging
  1847 | D:3      | Found a shimmering blue altar of Sif Muna.
  1968 | D:3      | Killed Robin
  2063 | D:4      | Noticed a black bear
  2067 | D:4      | Killed a black bear
  2068 | D:4      | Reached XP level 7. HP: 64/64 MP: 1/8
  2103 | D:5      | Entered Level 5 of the Dungeon
  2147 | D:5      | Reached skill level 1 in Evocations
  2268 | D:5      | Reached skill level 1 in Throwing
  2335 | D:4      | Reached XP level 8. HP: 48/73 MP: 3/11
  2785 | D:5      | Reached skill level 1 in Stealth
  3364 | D:6      | Reached XP level 9. HP: 66/84 MP: 2/12
  3390 | D:6      | Learned a level 3 spell: Ignite Poison
  3430 | D:7      | Found a staircase to the Ecumenical Temple.
  3518 | D:7      | Reached skill level 10 in Fighting
  3690 | D:7      | Reached skill level 1 in Transmutations
  3690 | D:7      | Reached skill level 1 in Poison Magic
  3896 | D:7      | Reached skill level 5 in Armour
  4025 | D:8      | Noticed Amaemon
  4028 | D:8      | Noticed an orange demon
  4200 | D:8      | Noticed a cyclops
  4210 | D:8      | Killed a cyclops
  4234 | D:8      | Noticed Joseph
  4249 | D:8      | Killed Joseph
  4401 | D:8      | Reached XP level 10. HP: 69/93 MP: 4/13
  4754 | D:9      | Found a staircase to the Lair.
  5194 | D:9      | Reached XP level 11. HP: 48/104 MP: 5/14
  5371 | D:9      | Noticed a necromancer
  5390 | D:9      | Killed a necromancer
  5391 | D:9      | Reached skill level 5 in Dodging
  5441 | Lair:1   | Entered Level 1 of the Lair of Beasts
  5464 | Lair:1   | Reached skill level 6 in Axes
  5526 | Lair:1   | Noticed a death yak
  5526 | Lair:1   | Noticed a death yak
  5553 | Lair:1   | Noticed a death yak
  5717 | Lair:2   | Reached skill level 5 in Evocations
  5739 | Lair:2   | Found a staircase to the Swamp.
  5739 | Lair:2   | Noticed a bog body
  5828 | Lair:2   | Noticed a bog body
  5845 | Lair:3   | Noticed a lindwurm
  5860 | Lair:3   | Killed a lindwurm
  6326 | Lair:2   | Found a hole to the Spider Nest.
  6326 | Lair:2   | Noticed a pharaoh ant
  6340 | Lair:2   | Killed a pharaoh ant
  6428 | Lair:2   | Reached XP level 12. HP: 114/117 MP: 10/15
  6450 | Lair:2   | Reached skill level 10 in Armour
  6489 | Lair:2   | Noticed a death yak
  6489 | Lair:2   | Noticed a death yak
  6546 | Lair:3   | Noticed a skyshark
  6568 | Lair:3   | Killed a skyshark
  6879 | Lair:4   | Noticed a boulder beetle
  6885 | Lair:4   | Noticed a boulder beetle
  6889 | Lair:4   | Killed a boulder beetle
  6890 | Lair:4   | Reached skill level 15 in Fighting
  6890 | Lair:4   | Killed a boulder beetle
  7079 | Lair:5   | Entered Level 5 of the Lair of Beasts
  7079 | Lair:5   | Noticed a skyshark
  7095 | Lair:5   | Killed a skyshark
  7106 | Lair:5   | Noticed a death yak
  7185 | Lair:4   | Noticed a fire dragon
  7285 | Lair:4   | Noticed a six-headed hydra
  7536 | Lair:1   | Noticed a death yak
  7629 | D:10     | Entered Level 10 of the Dungeon
  7631 | D:10     | Noticed Lodul
  7819 | D:9      | Reached skill level 7 in Axes
  8096 | D:10     | Reached XP level 13. HP: 102/126 MP: 13/16
  8097 | D:10     | Killed Lodul
  8098 | D:10     | Reached skill level 8 in Axes
  8455 | D:11     | Reached skill level 9 in Axes
  8556 | D:11     | Found an iron altar of Okawaru.
  8650 | D:11     | Reached skill level 1 in Shields
  8780 | D:11     | Reached skill level 10 in Axes
  8871 | D:12     | Noticed Psyche
  8886 | D:12     | Found a staircase to the Orcish Mines.
  8886 | D:12     | Noticed Urug
  8890 | D:12     | Killed Urug
  8891 | D:12     | Reached skill level 5 in Shields
  8932 | D:12     | Killed Psyche
  8944 | Orc:1    | Entered Level 1 of the Orcish Mines
  9014 | Orc:2    | Entered Level 2 of the Orcish Mines
  9135 | Orc:2    | Found a runed translucent gate.
  9135 | Orc:2    | Found a runed translucent gate.
  9135 | Orc:2    | Found a runed translucent gate.
  9135 | Orc:2    | Found an iron altar of Okawaru.
  9135 | Orc:2    | Noticed a merfolk javelineer
  9135 | Orc:2    | Noticed foxicus's ghost (journeyman HOFi)
  9136 | Orc:2    | Found a roughly hewn altar of Beogh.
  9329 | Orc:2    | Found Huifur's Magic Scroll Emporium.
  9329 | Orc:2    | Found Domom's Assorted Antiques.
  9329 | Orc:2    | Found Gozygem's Book Shoppe.
  9332 | Orc:2    | Found Xifaf's Jewellery Emporium.
  9348 | Orc:2    | Bought the ring of Moral Flaws {rF+ EV+5 Int+5} for 665
                  | gold pieces
  9427 | Orc:2    | Found a staircase to the Elven Halls.
  9457 | Orc:1    | Found a roughly hewn altar of Beogh.
  9458 | Orc:1    | Paralysed by an orc sorcerer for 2 turns
  9465 | Orc:2    | Paralysed by an orc sorcerer for 4 turns
  9837 | D:13     | Reached skill level 10 in Shields
  9837 | D:13     | Reached XP level 14. HP: 122/135 MP: 3/17
  9991 | D:12     | Found a portal to a secret trove of treasure.
 10083 | D:13     | Found a gate to the Vaults.
 10386 | D:14     | Found Tawisem's Jewellery Boutique.
 10455 | D:14     | Found Erauxuas's General Store.
 10463 | D:14     | Bought a potion of heal wounds for 60 gold pieces
 10484 | D:14     | Found a gate leading to a gauntlet.
 10510 | Gauntlet | Entered a Gauntlet
 10510 | Gauntlet | Found a transporter.
 10512 | Gauntlet | Found a runed translucent door.
 10513 | Gauntlet | Found a transporter.
 10514 | Gauntlet | Found a transporter.
 10515 | Gauntlet | Found a transporter.
 10518 | Gauntlet | Found a transporter.
 10519 | Gauntlet | Found a transporter.
 10527 | Gauntlet | Found a transporter.
 10535 | Gauntlet | Found a transporter.
 10560 | Gauntlet | Found a runed translucent door.
 10594 | Gauntlet | Found a transporter.
 10595 | Gauntlet | Found a transporter.
 10610 | Gauntlet | Found a transporter.
 10612 | Gauntlet | Found a large runed translucent door.
 10612 | Gauntlet | Found a large runed translucent door.
 10613 | Gauntlet | Found a large runed translucent door.
 10613 | Gauntlet | Found a large runed translucent door.
 10614 | Gauntlet | Found a large runed translucent door.
 10614 | Gauntlet | Found a large runed translucent door.
 10614 | Gauntlet | Found a runed translucent door.
 10614 | Gauntlet | Found a runed translucent door.
 10615 | Gauntlet | Found a large runed translucent door.
 10615 | Gauntlet | Found a large runed translucent door.
 10615 | Gauntlet | Found a large runed translucent door.
 10616 | Gauntlet | Found a large runed translucent door.
 10616 | Gauntlet | Found a large runed translucent door.
 10617 | Gauntlet | Found a large runed translucent door.
 10617 | Gauntlet | Found a large runed translucent door.
 10618 | Gauntlet | Found a runed translucent gate.
 10618 | Gauntlet | Found a runed translucent gate.
 10618 | Gauntlet | Found a runed translucent gate.
 10619 | Gauntlet | Noticed a quicksilver ooze
 10620 | Gauntlet | Found a transporter.
 10620 | Gauntlet | Found the ring of the Mage {Wiz Archmagi}
 10630 | Gauntlet | Found a large runed translucent door.
 10631 | Gauntlet | Found a large runed translucent door.
 10640 | Gauntlet | Found a large runed translucent door.
 10713 | Gauntlet | Reached skill level 10 in Fire Magic
 10717 | Gauntlet | Identified the ring of the Good {AC+4 Str+2 Dex+2 Stlth+}
 10825 | Gauntlet | Identified the +11 battleaxe of Gozag's Benevolence {venom,
                  | rPois rN+ Dex+4 SInv}
 10923 | Gauntlet | Identified the staff of cold "Veucw" {rC+ Str+6 Dex-5}
 10923 | Gauntlet | Identified the staff of conjuration "Tukhus" {Str+4}
 10973 | D:14     | Found Ogiovvon's Antique Armour Emporium.
 11144 | D:15     | Entered Level 15 of the Dungeon
 11293 | D:15     | Found a staircase to the Depths.
 11293 | D:15     | Noticed a fire giant
 11512 | Lair:1   | Reached skill level 11 in Axes
 11589 | Lair:2   | Reached skill level 12 in Axes
 11914 | Lair:5   | Reached XP level 15. HP: 142/144 MP: 18/18
 12071 | Lair:5   | Found a staircase to the Slime Pits.
 12144 | Lair:5   | Reached skill level 10 in Dodging
 12258 | Spider:1 | Entered Level 1 of the Spider Nest
 12562 | Spider:1 | Noticed an emperor scorpion
 12589 | Spider:1 | Killed an emperor scorpion
 12785 | Spider:4 | Entered Level 4 of the Spider Nest
 13035 | Spider:3 | Noticed an emperor scorpion
 13055 | Spider:3 | Killed an emperor scorpion
 13135 | Spider:3 | Noticed a ghost moth
 13143 | Spider:3 | Killed a ghost moth
 13348 | Spider:4 | Reached XP level 16. HP: 46/151 MP: 19/19
 14195 | Spider:4 | Identified the +1 pair of boots of Amorality {rF+ Str+3}
 14222 | Spider:4 | Got a gossamer rune of Zot
 14450 | Swamp:1  | Entered Level 1 of the Swamp
 14735 | Swamp:2  | Found a frozen archway.
 14819 | IceCv    | Entered an ice cave
 14887 | IceCv    | Reached skill level 13 in Axes
 15015 | IceCv    | Reached XP level 17. HP: 71/158 MP: 20/20
 15065 | IceCv    | Reached skill level 15 in Axes
 15065 | IceCv    | Reached XP level 18. HP: 140/166 MP: 21/21
 15590 | IceCv    | Reached skill level 16 in Axes
 16052 | Swamp:2  | Identified the +2 battleaxe of Perversion {venom, rN+}
 16190 | Swamp:3  | Reached skill level 15 in Armour
 16278 | Swamp:4  | Entered Level 4 of the Swamp
 16552 | Swamp:4  | Noticed the 27-headed Lernaean hydra
 16573 | Swamp:4  | Killed the 27-headed Lernaean hydra
 16630 | Swamp:4  | HP: 7/166 [12-headed hydra (9)]
 16700 | Swamp:4  | Got a decaying rune of Zot
 17024 | Elf:1    | Entered Level 1 of the Elven Halls
 17037 | Orc:2    | Reached skill level 15 in Dodging
 17353 | Elf:2    | Found a flickering gateway to a bazaar.
 17365 | Bazaar   | Entered a bazaar
 17365 | Bazaar   | Found Retemit's Assorted Antiques.
 17381 | Bazaar   | Found Cieh's Jewellery Emporium.
 17384 | Bazaar   | Found Ihiecar's Magic Scroll Shoppe.
 17393 | Bazaar   | Found Tiwurchi's Weapon Shoppe.
 17403 | Bazaar   | Found Hummot's Distillery.
 17427 | Bazaar   | Bought a scroll of acquirement for 468 gold pieces
 17427 | Bazaar   | Acquired 875 gold pieces
 17429 | Bazaar   | Bought 2 scrolls of teleportation for 54 gold pieces
 17429 | Bazaar   | Bought a scroll of teleportation for 27 gold pieces
 17429 | Bazaar   | Bought 2 scrolls of teleportation for 54 gold pieces
 17429 | Bazaar   | Bought a scroll of blinking for 67 gold pieces
 17429 | Bazaar   | Bought a scroll of enchant armour for 67 gold pieces
 17469 | Bazaar   | Bought a scroll of fog for 36 gold pieces
 17485 | Bazaar   | Bought a potion of curing for 36 gold pieces
 17485 | Bazaar   | Bought a potion of curing for 36 gold pieces
 17485 | Bazaar   | Bought a potion of invisibility for 96 gold pieces
 17485 | Bazaar   | Bought a potion of heal wounds for 60 gold pieces
 17485 | Bazaar   | Bought a potion of curing for 36 gold pieces
 17505 | Bazaar   | Bought the macabre finger necklace {Finger+ rN+} for 400
                  | gold pieces
 17505 | Bazaar   | Found the macabre finger necklace {Finger+ rN+}
 17527 | Bazaar   | Bought a scroll of blinking for 172 gold pieces
 17527 | Bazaar   | Bought a potion of magic for 184 gold pieces
 17527 | Bazaar   | Bought a runed cloak for 172 gold pieces
 17570 | Elf:2    | Reached XP level 19. HP: 172/172 MP: 22/22
 17684 | Elf:2    | Got the Handbook of Axaxaxas mlö
 17691 | Elf:2    | Got Exinekhu's Atlas of Plaster Cramp
 17727 | Elf:3    | Entered Level 3 of the Elven Halls
 17866 | Abyss:3  | Cast into level 3 of the Abyss (a deep elf sorcerer)
 17874 | Abyss:3  | Found a corrupted altar of Lugonu.
 18018 | Elf:3    | Escaped the Abyss
 18106 | Elf:3    | Reached skill level 5 in Stealth
 18513 | Elf:3    | Identified the +1 glaive "Jyusikk" {flame, *Noise rN+
                  | Str+7}
 18513 | Elf:3    | Identified the ring of Sienoir {rElec rC++ AC+4 Int-5 SInv}
 18640 | Elf:3    | Identified the +2 morningstar of the Endless Expanse {vamp,
                  | Int+4}
 18946 | Elf:3    | Identified the +5 dire flail of Discretion {drain, rC+}
 18984 | Elf:3    | Identified the +1 falchion of Naydyode {heavy, rF- Str+5
                  | Stlth+}
 19044 | Elf:3    | Identified the staff of earth "Laphuenn" {rF- rCorr Int+4
                  | Stlth+}
 19062 | Elf:3    | Identified the ring of the Garden {Wiz Will+ rCorr}
 19164 | Elf:3    | Identified the staff of poison "Xukhamab" {*Slow rElec
                  | rPois Will- rCorr}
 19169 | Elf:3    | Identified the +0 ring mail "Hipoq" {Rampage +Blink rC-
                  | Dex+2}
 19172 | Elf:3    | Got the Parchment of Charming Hyperthermia
 19176 | Elf:3    | Identified the +0 robe of Zun Geary {rF+ Will- Int+4}
 19249 | Elf:3    | Identified the +9 rapier of Exquisite Death {flame,
                  | *Corrode +Blink rC+ Int+3}
 19272 | Elf:3    | Identified the +1 hat "Xeoblaast" {+Blink Regen+ rCorr}
 19290 | Elf:3    | Identified the staff of fire "Someaz" {Fly rF+ rN+}
 19298 | Elf:3    | Identified the staff of air "Atockak" {rElec rF++ Str+3}
 19572 | Elf:1    | Found Qoboage's Assorted Antiques.
 19577 | Elf:1    | Bought a steaming helmet for 380 gold pieces
 19577 | Elf:1    | Identified the +0 helmet of the Sky {rPois Str+5 Int-2}
                  | (You bought it in a shop on level 1 of the Elven Halls)
 19642 | Elf:1    | Found Uqaiv's Antique Weapon Shop.
 19775 | Elf:1    | Found Naycliuf's Magic Scroll Shop.
 19786 | Elf:1    | Bought a scroll of teleportation for 51 gold pieces
 19786 | Elf:1    | Bought a scroll of fear for 68 gold pieces
 19968 | Orc:2    | Identified the staff of air "Reolorou" {rElec Str-3 Int+3
                  | Stlth+}
 19990 | Orc:2    | Killed foxicus's ghost
 20002 | Orc:2    | Identified the +2 broad axe of Punishment {flame, rF++
                  | Will- Dex+8}
 20057 | Orc:2    | Bought a potion of resistance for 230 gold pieces
 20057 | Orc:2    | Bought a scroll of fog for 92 gold pieces
 20154 | Vaults:1 | Entered Level 1 of the Vaults
 20162 | Vaults:1 | Reached XP level 20. HP: 187/187 MP: 23/23
 20248 | Vaults:2 | Reached skill level 17 in Axes
 20466 | Vaults:1 | Noticed Saint Roka
 20494 | Vaults:2 | Reached skill level 18 in Axes
 20611 | Vaults:3 | Found a runed translucent gate.
 20611 | Vaults:3 | Found a runed translucent gate.
 20612 | Vaults:3 | Found a runed translucent gate.
 20612 | Vaults:3 | Noticed Esekla's ghost (adept DEWn)
 20644 | Vaults:3 | Noticed Mara
 20646 | Vaults:3 | Noticed Lutefisk's illusion
 20712 | Vaults:3 | Reached skill level 19 in Axes
 20730 | Vaults:3 | Shot with a bolt by a yaktaur

Illustrated notes

Levels and vault maps discovered:
D:1:      eino_arrival_tree_alley, layout_rooms,
          hellmonk_ecumenical_altar_pennies_from_heaven, serial_shops,
          nicolae_shop_drivethru, shop, nicolae_shop_back_alley_shop,
          minmay_misc_feat_plants, minmay_misc_feat_roman
D:2:      layout_loops_corners, uniq_natasha
D:3:      layout_basic, led_sif_pool, nicolae_dithmenos_the_darkroom,
          portal_sewer_entry_b, uniq_robin
D:4:      layout_loops_ring, minmay_quadrilaterals
D:5:      layout_rooms, lemuel_flamethrower_2
D:6:      layout_rooms
D:7:      layout_loops_corners, minmay_temple_entry_grid
D:8:      layout_basic, uniq_amaemon, uniq_joseph
D:9:      layout_long_grid, minmay_lair_entry_grove, eino_house_with_fridge
D:10:     layout_long_grid, evilmike_butchery, uniq_lodul
D:11:     layout_rooms, minmay_misc_feat_tiny, okawaru_metal_pillars_1_2
D:12:     layout_rooms, orc_0_dummy, enter_trove_1, uniq_psyche, uniq_urug
D:13:     layout_roguey [special_room_orc], erik_vaults_2
D:14:     layout_cave_pools, serial_shops, shop, shop, shop,
          gauntlet_entry_generic
D:15:     grunt_enter_depths_giant_problem, layout_grid_maze, serial_shops,
          nicolae_shop_statue_plus, hangedman_decor_riveting
Lair:1:   layout_hall_layers, patterned_corridor, infiniplex_staircase_pool,
          uniq_fannar
Lair:2:   layout_layer_cave, skrybe_swamp_entry_bodies,
          nicolae_spider_entry_lesser_pyramids, pdpol_lair_cavern_descent
Lair:3:   layout_regular_city, chequers_serial_rivers_micro_b
Lair:4:   dragon1_lemuel, layout_cave_pods
Lair:5:   hellmonk_lair_end_abyssal_woods, layout_small_grid,
          nicolae_slime_entry_slimehenge, serial_bayou_pond_a
Swamp:1:  layout_basic_swamp, infiniplex_staircase_pool_2
Swamp:2:  layout_falls_marsh, portal_ice_cave_entry_ugly_swarm,
          serial_swamp_ruin, evilmike_swamp_ruin_house_3,
          evilmike_swamp_ruin_house_1, evilmike_swamp_ruin_house_4
Swamp:3:  layout_basic_swamp, lemuel_altar_in_water, swamp_pool5
Swamp:4:  swamp_old_school, layout_basic_swamp, uniq_nikola
Spider:1: nicolae_spider_broodchamber
Spider:2: layout_chambers, hangedman_spider_tarantella_strand, uniq_louise
Spider:3: layout_spider_delve
Spider:4: spider_rune_water, worms_lemuel
Orc:1:    layout_diamond_mine, basic_altar
Orc:2:    st_orc_mages, layout_diamond_mine, basic_altar,
          gammafunk_ghost_fury_of_okawaru
Elf:1:    minmay_elf_arrival_circle, layout_gridlike, serial_shops,
          nicolae_shop_getting_attention, shop, shop, shop,
          minmay_elf_necromancy, minmay_strange_pillars
Elf:2:    nicolae_elf_blades_crystal_corner, layout_geoelf_diagonals,
          serial_shops, bzr_entry_customers, bh_hangedman_babel_library
Elf:3:    minmay_elf_hall_spiked, layout_geoelf_castle, minmay_misc_feat_pillars
Vaults:1: gammafunk_ghost_wrathful_warriors, v_misc_17, ontoclasm_vaults_hangar,
          hangedman_vaults_corner_blocks, ontoclasm_vaults_ring_small,
          vaults_standard_mumra_lines, nicolae_vaults_big_angled_halls,
          nicolae_vaults_mitosis, nicolae_vaults_sightless_eye,
          nicolae_vaults_asterisk, nicolae_vaults_diagonal_hallway_6,
          layout_vaults_omnibox, uniq_saint_roka
Vaults:2: minmay_crypt_entry_nasty_monster, nicolae_vaults_more_shelving_1,
          grunt_vaults_funnel, nicolae_vaults_bisected_inception,
          nicolae_vaults_trapezoid_2, st_octagons_2,
          nicolae_vaults_variable_pillar_hall, v_misc_5, grunt_vaults_diagonal,
          hangedman_vaults_cutoff, vaults_mumra_hexcomb,
          vaults_dpeg_encased_lava, nicolae_vaults_heart-shaped_vault,
          vaults_room_semicircle, layout_vaults_omnicross, uniq_frederick
Vaults:3: gammafunk_ghost_split, nicolae_vaults_tangram_2,
          ontoclasm_vaults_gateway, nicolae_vaults_little_ls,
          nicolae_vaults_alarming, nicolae_vaults_big_ls,
          vaults_room_guarded_vault, nicolae_vaults_mini_display_case, v_misc_9,
          nicolae_vaults_storage_room_glass, layout_vaults_quadrants,
          serial_shops, shop, shop, nicolae_shop_behind_doors, shop, shop,
          uniq_mara, uniq_jory

Skill      XL: |  1  2  3  4  5  6  7  8  9 10 11 12 13 14 15 16 17 18 19 20 |
---------------+-------------------------------------------------------------+-----
Fighting       | 4 5 6 7 9 10 12 14 15 16 18 | 18.0
Axes           | 5 6 7 10 12 13 15 16 19 | 19.0
Fire Magic     | 4 6 7 8 9 10 | 10.0
Armour         | 1 2 4 6 9 11 14 16 | 16.0
Dodging        | 1 2 4 5 7 8 10 14 15 16 | 16.0
Evocations     | 2 3 5 6 |  6.0
Spellcasting   | 2 |  2.0
Throwing       | 1 |  1.0
Stealth        | 2 3 8 |  8.0
Transmutations | 1 |  1.0
Poison Magic   | 2 |  2.0
Shields        | 10 11 | 11.0

Action                     |  1- 3 |  4- 6 |  7- 9 | 10-12 | 13-15 | 16-18 | 19-21 || total
---------------------------+-------+-------+-------+-------+-------+-------+-------++-------
  Melee: Hand axe          |   136 |   155 |   220 |   542 |   473 |       |       ||  1526
         Punch             |       |     2 |     2 |    13 |     2 |       |       ||    19
         Spear             |       |       |    13 |       |       |       |       ||    13
         Short sword       |       |       |       |   178 |       |       |       ||   178
         War axe           |       |       |       |   112 |   285 |       |       ||   397
         Unarmed           |       |       |       |       |    11 |       |       ||    11
         Battleaxe         |       |       |       |       |   378 |   681 |   573 ||  1632
         Scimitar          |       |       |       |       |    21 |       |       ||    21
   Fire: Sling             |       |       |     2 |     2 |       |       |       ||     4
  Throw: Dart              |       |       |    25 |    10 |    24 |    39 |       ||    98
         Boomerang         |       |       |     1 |       |       |       |       ||     1
   Cast: Scorch            |     5 |    28 |    85 |   120 |    44 |    55 |     5 ||   342
         Ignite Poison     |       |       |     3 |    17 |    65 |    30 |    39 ||   154
 Invoke: Fiery Armour      |     1 |       |       |     1 |       |       |       ||     2
  Evoke: Wand              |       |       |     2 |    15 |     4 |    20 |       ||    41
         Tin of tremorston |       |       |       |     2 |       |     2 |       ||     4
         Phantom mirror    |       |       |       |       |     1 |     2 |       ||     3
    Use: Scroll            |       |       |     5 |     6 |    22 |     8 |     3 ||    44
         Potion            |       |       |     1 |     1 |     8 |     3 |       ||    13
   Stab: Paralysed         |       |       |     4 |    11 |       |       |       ||    15
         Sleeping          |       |       |       |     3 |     3 |     1 |     2 ||     9
         Petrifying        |       |       |       |       |     1 |       |       ||     1
         Petrified         |       |       |       |       |     1 |       |       ||     1
         Distracted        |       |       |       |       |     1 |     1 |       ||     2
         Invisible         |       |       |       |       |       |     3 |       ||     3
 Armour: Robe              |    27 |       |       |       |       |       |       ||    27
         Leather armour    |    19 |    70 |    96 |    49 |    68 |     4 |    26 ||   332
         Skin              |       |       |    35 |       |     1 |       |       ||    36
         Ring mail         |       |       |    19 |       |       |       |       ||    19
         Troll leather arm |       |       |       |   330 |   405 |   137 |       ||   872
         Ice dragon scales |       |       |       |       |       |   265 |   140 ||   405
  Dodge: Dodged            |   102 |    95 |   148 |   998 |  1652 |  1376 |   568 ||  4939
  Block: Other             |       |       |    42 |       |       |       |       ||    42
         Reflection        |       |       |     6 |       |       |       |       ||     6
         Buckler           |       |       |       |       |   185 |       |       ||   185
